 Dungeon Crawl Stone Soup version 0.29-a0-559-g359e09b (webtiles) character file.

Game seed: 17639962123887685324

448 BingusPrime the Ducker (level 7, -3/45 HPs)
             Began as a Djinni Fire Elementalist on June 10, 2022.
             Slain by an iguana (13 damage)
             ... on level 4 of the Dungeon.
             The game lasted 00:17:17 (5137 turns).

BingusPrime the Ducker (Djinni Fire Elementalist)   Turns: 5137, Time: 00:17:17

Health: -3/45      AC:  2    Str:  7    XL:     7   Next: 24%
Gold:   124        EV: 13    Int: 19    God:
                   SH:  0    Dex: 13

rFire   + + +      SeeInvis .   k - +3 dagger (freeze)
rCold   x . .      Faith    .   (no shield)
rNeg    . . .      Spirit   .   a - +0 robe
rPois   ∞          Reflect  .   (no helmet)
rElec   .          Harm     .   (no cloak)
rCorr   .          Rampage  .   (no gloves)
Will    .....                   (boots unavailable)
Stlth   ++........              (no amulet)
HPRegen 0.15/turn               e - ring of protection from fire
MPRegen 0.00/turn               (no ring)

@: flying
A: sickness immunity, fire resistance 2, cold vulnerability 1, float, innate
caster, HP casting, extra vitality 1
a: no special abilities


You were on level 4 of the Dungeon.
You visited 1 branch of the dungeon, and saw 4 of its levels.

You collected 124 gold pieces.

Inventory:

Hand Weapons
 g - a +0 short sword
 k - a +3 dagger of freezing (weapon)
Missiles
 c - a throwing net
 f - 2 boomerangs (quivered)
 o - 6 poisoned darts
Armour
 a - a +0 robe (worn)
Jewellery
 e - a ring of protection from fire (left hand)
Scrolls
 l - a scroll of noise {unknown}
 q - 2 scrolls of identify
Potions
 b - 2 potions of cancellation
 d - 3 potions of mutation
 h - a potion of lignification
 i - a potion of attraction
 j - 2 potions of curing
 m - a potion of might {unknown}
 p - a potion of haste {unknown}


   Skills:
 + Level 4.5 Dodging
 + Level 3.5 Stealth
 * Level 4.4 Spellcasting


You couldn't memorise any spells.
You knew the following spells:

 Your Spells              Type           Power      Damage    Failure   Level
a - Foxfire               Conj/Fire      80%        2x1d8     2%          1
b - Scorch                Fire           40%        2d7       3%          2
c - Conjure Flame         Conj/Fire      20%        6-21      6%          3
d - Inner Flame           Hex/Fire       20%        N/A       6%          3
e - Flame Wave            Conj/Fire      20%        2d7       22%         4
f - Summon Small Mammal   Summ           80%        N/A       2%          1
g - Call Imp              Summ           20%        N/A       3%          2
h - Teleport Other        Tloc           20%        N/A       6%          3
Your spell library was empty.

Dungeon Overview and Level Annotations

Branches:
Dungeon (4/15)
 Temple: D:4-7

Altars:
Uskayaw


Innate Abilities, Weirdness & Mutations

You are immune to sickness and miasma.
You are immune to poison.
Your flesh is very heat resistant. (rF++)
You are vulnerable to cold. (rC-)
You float through the air rather than walking.
You learn spells naturally, not from books.
Your magical power is your life essence.
You have superior vitality. (+4 MHP)


Message History

The iguana bites you.
Casting: Foxfire (safe; 2% risk of failure)
Confirm with . or Enter, or press ? or * to list all spells.
You conjure some foxfire!
The iguana barely misses you.
You hit the iguana.
The iguana seems to slow down.
You freeze the iguana.
The iguana is severely wounded.
The foxfire hits the iguana but does no damage.
The iguana is severely wounded.
The foxfire hits the iguana but does no damage.
The iguana is severely wounded.
You hit the iguana but do no damage.
The iguana is severely wounded.
The iguana bites you.
You barely miss the iguana.
The iguana is severely wounded.
The iguana completely misses you.
You closely miss the iguana.
The iguana is severely wounded.
You closely miss the iguana.
The iguana is severely wounded.
The iguana completely misses you.
You barely miss the iguana.
The iguana is severely wounded.
The iguana is no longer moving slowly.
The iguana bites you.
You hit the iguana but do no damage. You punch the iguana, but do no damage.
The iguana is severely wounded.
The iguana bites you but does no damage.
You barely miss the iguana. You punch the iguana, but do no damage.
The iguana is severely wounded.
The iguana bites you!
You barely miss the iguana.
The iguana is severely wounded.
The iguana bites you!
* * * LOW HITPOINT WARNING * * *
Casting: Foxfire (safe; 2% risk of failure)
Confirm with . or Enter, or press ? or * to list all spells.
You conjure some foxfire!
* * * LOW HITPOINT WARNING * * *
The iguana bites you!
You die...

#.. ##.# # #... .
#..# .### #..#
#...#
#..####...!#.
##..##@l......
#....vv#.$....
#...##........
#...####....#.
#...# ....#
######...####.####
#.............
#.##.<...####.
#.##.#####


You could see an iguana (ally target).

Vanquished Creatures
  Grinder (D:3)
  The ghost of LastSorcerer the Firebug, an amateur DECA of Ignis (D:3)
  Jessica (D:3)
  4 gnolls (D:3)
  3 adders (D:3)
  2 dart slugs
  3 orcs (D:3)
  6 ball pythons
  13 endoplasms
  3 giant cockroaches
  5 goblins
  4 hobgoblins
  2 jackals (D:3)
  6 quokkas
  3 bats
  5 frilled lizards
  8 kobolds
  7 rats
77 creatures vanquished.

Vanquished Creatures (collateral kills)
  A foxfire (D:1)
1 creature vanquished.

Vanquished Creatures (others)
  323 foxfires
  A withered plant (D:1)
324 creatures vanquished.

Grand Total: 402 creatures vanquished

Notes
Turn   | Place    | Note
-------+----------+-------------------------------------------
     0 | D:1      | BingusPrime the Djinni Fire Elementalist began the quest
                  | for the Orb.
     0 | D:1      | Reached XP level 1. HP: 15/15 MP: 0/0
   427 | D:1      | Reached XP level 2. HP: 14/21 MP: 0/0
  1058 | D:1      | Reached XP level 3. HP: 16/25 MP: 0/0
  1058 | D:1      | Learned a level 1 spell: Summon Small Mammal
  1347 | D:1      | Found a faded altar of an unknown god.
  2285 | D:2      | Reached XP level 4. HP: 23/31 MP: 0/0
  2536 | D:2      | Found a hide-covered altar of Uskayaw.
  3229 | D:3      | Noticed Grinder
  3258 | D:3      | Killed Grinder
  3259 | D:3      | Reached XP level 5. HP: 7/35 MP: 0/0
  3259 | D:3      | Learned a level 2 spell: Call Imp
  3259 | D:3      | Reached XP level 6. HP: 8/40 MP: 0/0
  4016 | D:3      | Found a runed translucent door.
  4020 | D:3      | Noticed LastSorcerer's ghost (amateur DECA)
  4064 | D:3      | Noticed Jessica
  4070 | D:3      | HP: 1/40 [gnoll/+0 flail (9)]
  4077 | D:3      | Killed Jessica
  4358 | D:3      | Reached XP level 7. HP: 28/45 MP: 0/0
  4358 | D:3      | Learned a level 3 spell: Teleport Other
  4364 | D:3      | Killed LastSorcerer's ghost
  5137 | D:4      | Slain by an iguana

Illustrated notes

Levels and vault maps discovered:
D:1:      saegor_arrival_under_anarchy, layout_basic,
          shapermc_ecumenical_altar_flowoftime
D:2:      layout_basic, basic_altar, nrook_campfire, feat_on_display
D:3:      layout_loops_corners, ebering_ghost_sewer_d, uniq_grinder,
          uniq_jessica
D:4:      layout_loops_ring, worldfamousw_hep_ancestral_shrine, kennysheep_mini,
          mainiacjoe_overflow_paths

Skill      XL: |  1  2  3  4  5  6 |
---------------+-------------------+-----
Stealth        | 2 3 |  3.5
Dodging        | 3 4 |  4.5
Spellcasting   | 3 4 |  4.4

Action                   |  1- 3 |  4- 6 |  7- 9 || total
-------------------------+-------+-------+-------++-------
Melee: Dagger            |     3 |    18 |    19 ||    40
       Short sword       |     1 |       |       ||     1
       Punch             |       |     1 |     2 ||     3
Throw: Boomerang         |     1 |       |       ||     1
 Cast: Foxfire           |   115 |    85 |    13 ||   213
       Inner Flame       |       |     6 |       ||     6
       Conjure Flame     |       |     3 |       ||     3
       Scorch            |       |     1 |       ||     1
  Use: Scroll            |     4 |     6 |       ||    10
       Potion            |       |     2 |       ||     2
Armor: Robe              |     2 |     7 |     4 ||    13
Dodge: Dodged            |     5 |    26 |    11 ||    42

Table legend: (Time is in decaauts)
 A = Elapsed time spent in this place.
 B = Non-inter-level travel time spent in this place.
 C = Inter-level travel time spent in this place.
 D = Time resting spent in this place.
 E = Time spent auto-exploring this place.
 F = Levels seen in this place.
 G = Mean time per level.
                   A        B        C        D        E       F      G
               +--------+--------+--------+--------+--------+-----+--------+
         Total |   5135 |   4925 |    210 |    844 |   3488 |   4 | 1283.8 |
       Dungeon |   5135 |   4925 |    210 |    844 |   3488 |   4 | 1283.8 |
               +--------+--------+--------+--------+--------+-----+--------+

Top non-repeatable levels by time:
     D:3: 2233 daAuts
     D:1: 1794 daAuts
     D:2: 1061 daAuts
     D:4: 45 daAuts
